 Dungeon Crawl Stone Soup version 0.31-a0-963-ga325b2283a (webtiles) character file.

Game seed: 17605033742630017904

385 sammy202020 the Trooper (level 6, -1/40 HPs)
             Began as a Gargoyle Berserker on Oct 26, 2023.
             Was a Priest of Trog.
             Slain by an orc
             ... wielding a +0 flail
              (5 damage)
             ... on level 5 of the Dungeon.
             The game lasted 00:05:21 (4905 turns).

sammy202020 the Trooper (Gargoyle Berserker)        Turns: 4905, Time: 00:05:22

Health: -1/40      AC: 13    Str: 21    XL:     6   Next: 77%
Magic:  6/6        EV:  9    Int:  9    God:    Trog [***...]
Gold:   177        SH:  0    Dex:  9    Spells: 5/5 levels left

rFire   . . .        a - +1 mace
rCold   . . .        (no shield)
rNeg    + . .        h - +0 chain mail
rPois   ∞            (no helmet)
rElec   +            (no cloak)
rCorr   .            (no gloves)
SInv    .            (no boots)
Will    .....        (no amulet) Stlth
                     (no ring)
HPRegen 0.26/turn    (no ring)
MPRegen 0.10/turn

%: no passive effects
@: on berserk cooldown, slowed, very slow
A: sickness immunity, AC +4, negative energy resistance 1, electricity
resistance, torment resistance 1, petrification resistance
a: Renounce Religion, Berserk, Trog's Hand


You were on level 5 of the Dungeon.
You worshipped Trog.
Trog was most pleased with you.
You visited 1 branch of the dungeon, and saw 5 of its levels.

You collected 177 gold pieces.

Inventory:

Hand Weapons
 a - a +1 mace (weapon)
 q - a +0 flail
Missiles
 l - a throwing net
Armour
 h - a +0 chain mail (worn)
Scrolls
 c - 2 scrolls of immolation
 d - a scroll of teleportation
 e - a scroll of enchant weapon
 n - a scroll of vulnerability {unknown}
Potions
 f - a potion of cancellation
 g - a potion of lignification
 i - a potion of invisibility {unknown}
 j - 2 potions of attraction {unknown}
 k - a potion of degeneration {unknown}
 m - a potion of curing {unknown}


   Skills:
 * Level 5.1 Fighting
 * Level 4.6 Maces & Flails
 * Level 4.3 Armour
 + Level 2.6 Dodging


You had 5 spell levels left.
You didn't know any spells.
Your spell library was empty.

Dungeon Overview and Level Annotations

Branches:
Dungeon (5/15)
 Temple: D:4-7

Altars:
Sif Muna
Zin

Annotations:
D:5 Edmund


Innate Abilities, Weirdness & Mutations

You are immune to sickness and miasma.
Your stone body is resilient. (AC +4)
You are immune to poison.
You resist negative energy. (rN+)
You are resistant to electric shocks. (rElec)
You are resistant to unholy torment.
You are immune to petrification.


Message History

Edmund barely misses you.
You're too confused to move!
The orc hits you but does no damage. x2
Edmund hits you with a +1 flail of protection!
The orc hits you but does no damage. The orc hits you with a +0 hand axe.
You feel less invigorated.
You feel less confused. The orc closely misses you. x2
The orc hits you with a +0 hand axe. The orc hits you with a +0 flail.
You hit Edmund.
Edmund is heavily wounded.
Edmund hits you but does no damage. The orc closely misses you.
The orc hits you but does no damage. Edmund hits you but does no damage.
The orc hits you with a +0 hand axe. The orc hits you but does no damage.
You hit Edmund but do no damage.
Edmund is heavily wounded.
Edmund barely misses you. The orc barely misses you. x2
Edmund hits you but does no damage.
You hit Edmund.
Edmund is heavily wounded.
The orc hits you but does no damage. The orc hits you with a +0 flail.
Edmund hits you but does no damage. The orc hits you but does no damage. x2
You hit Edmund but do no damage.
Edmund is heavily wounded.
Edmund hits you with a +1 flail of protection.
* * * LOW HITPOINT WARNING * * *
The orc hits you with a +0 hand axe.
* * * LOW HITPOINT WARNING * * *
The orc barely misses you. Edmund hits you but does no damage.
The orc hits you with a +0 hand axe.
* * * LOW HITPOINT WARNING * * *
The orc closely misses you.
You closely miss Edmund.
Edmund is heavily wounded.
Edmund barely misses you. The orc hits you but does no damage. x2
Edmund closely misses you. The orc hits you with a +0 hand axe.
* * * LOW HITPOINT WARNING * * *
You barely miss Edmund.
Edmund is heavily wounded.
The orc hits you with a +0 flail.
You die...

#...........#
#....[......#
#..<(.......#
#...........#
#######.....#
#.....#
#.....#
#.....#
#.@@..#
#.oo..#
#.)...#
#.....#
#.....#
#.....#
#.....#
#.....#
#.....#


You could see Edmund and 2 orcs.

Vanquished Creatures
  A kobold brigand (D:4)
  A bullfrog (D:4)
  A hound (D:4)
  An orc priest (D:5)
  An iguana (D:3)
  5 adders
  A white imp (D:3)
  A worm (D:2)
  3 dart slugs
  11 orcs
  7 ball pythons
  9 endoplasms
  2 giant cockroaches
  6 goblins
  6 hobgoblins
  2 quokkas
  4 bats
  3 frilled lizards (D:2)
  33 kobolds
  4 rats
102 creatures vanquished.

Notes
Turn   | Place    | Note
-------+----------+-------------------------------------------
     0 | D:1      | sammy202020 the Gargoyle Berserker began the quest for the
                  | Orb.
     0 | D:1      | Reached XP level 1. HP: 14/14 MP: 1/1
   132 | D:1      | Reached XP level 2. HP: 19/19 MP: 2/2
  1591 | D:1      | Found a faded altar of an unknown god.
  1668 | D:2      | Reached XP level 3. HP: 23/23 MP: 3/3
  1774 | D:2      | Found a glowing silver altar of Zin.
  1819 | D:2      | Reached ** piety under Trog
  2028 | D:2      | Reached XP level 4. HP: 18/29 MP: 4/4
  2328 | D:2      | Reached skill level 4 in Fighting
  2745 | D:3      | Found a shimmering blue altar of Sif Muna.
  2778 | D:3      | Reached XP level 5. HP: 25/33 MP: 5/5
  3506 | D:4      | Reached XP level 6. HP: 39/39 MP: 6/6
  3802 | D:4      | Reached *** piety under Trog
  4193 | D:4      | Identified the +0 robe "Usuman" {rN+ rCorr Str+4 Dex+3}
  4311 | D:4      | Reached skill level 5 in Fighting
  4857 | D:5      | Entered Level 5 of the Dungeon
  4871 | D:5      | Noticed Edmund
  4905 | D:5      | Slain by an orc

Illustrated notes

Levels and vault maps discovered:
D:1:      nicolae_arrival_somewhat_less_tricky_arrival, layout_basic,
          chequers_ecumenical_altar_island
D:2:      layout_basic, basic_altar
D:3:      layout_rooms, nicolae_sif_muna_condensation, hangedman_glass_teeth
D:4:      kennysheep_kobold_camp, layout_basic, minmay_close_crescents
D:5:      layout_gridville, minmay_temple_entry_offerings, uniq_edmund

Skill      XL: |  1  2  3  4  5  6 |
---------------+-------------------+-----
Armour         | 3 4 |  4.3
Dodging        | 2 |  2.6
Fighting       | 4 5 |  5.1
Maces & Flails | 4 |  4.6

Action                     |  1- 3 |  4- 6 || total
---------------------------+-------+-------++-------
  Melee: Mace              |    93 |   250 ||   343
         Punch             |       |     3 ||     3
 Invoke: Berserk           |       |     4 ||     4
         Trog's Hand       |       |     1 ||     1
    Use: Scroll            |     2 |     6 ||     8
         Potion            |     2 |     1 ||     3
 Armour: Animal skin       |    18 |       ||    18
         Scale mail        |    44 |    30 ||    74
         Chain mail        |       |   231 ||   231
  Dodge: Dodged            |    55 |   148 ||   203

Table legend: (Time is in decaauts)
 A = Elapsed time spent in this place.
 B = Non-inter-level travel time spent in this place.
 C = Inter-level travel time spent in this place.
 D = Time resting spent in this place.
 E = Time spent auto-exploring this place.
 F = Levels seen in this place.
 G = Mean time per level.
                   A        B        C        D        E       F      G
               +--------+--------+--------+--------+--------+-----+--------+
         Total |   5003 |   4750 |    253 |   1917 |   2066 |   5 | 1000.6 |
       Dungeon |   5003 |   4750 |    253 |   1917 |   2066 |   5 | 1000.6 |
               +--------+--------+--------+--------+--------+-----+--------+

Top non-repeatable levels by time:
     D:1: 1655 daAuts
     D:4: 1455 daAuts
     D:3: 984 daAuts
     D:2: 855 daAuts
     D:5: 52 daAuts
